[Event "*** Titled Tuesday Blitz"]
[Site "Chess.com"]
[Date "2020.04.14"]
[Round "4"]
[White "trickytock"]
[Black "mirochka"]
[Result "1-0"]
[WhiteElo "2513"]
[BlackElo "2298"]
[TimeControl "180+1"]
[EndTime "10:39:59 PDT"]
[Termination "trickytock won on time"]

1. e4 c5 2. Nf3 Nc6 3. d4 cxd4 4.
Nxd4 e5 5. Nb5 d6 6. c4 Be7 7.
N1c3 a6 8. Na3 f5 9. exf5 Bxf5 10. Bd3 Bxd3 11. Qxd3 Nf6 12. Nc2 O-O 13. O-O Qe8 14.
Bg5 Qh5 15. Bxf6 Bxf6 16. Qxd6 e4 17. Nxe4 Be5 18. Qd5+ Kh8 19. Ng3 Qg5 20. Rad1 Rad8 21. Qe4 Bxb2 22. Rd5 Qf6 23. Ne3 Nd4 24. Rxd8 Rxd8 25.
Nd5 Qc6 26. Re1 h6 27. Qe7 Rc8 28. Nh5 Nf5 29. Qf7 Nd6 30. Qg6 Nxc4 31. Qf5 Nd6 32. Qf3 Nc4 33. Qd3 Rd8 34. Rd1 Bf6 35. Nhxf6 gxf6 36.
Qf5 Ne5 37. Ne3 Rxd1+ 38. Nxd1 Qc1 39. Qxf6+ Kh7 40. Qe7+ Kg6 41. Qd6+ 1-0

[Event "*** Titled Tuesday Blitz"]
[Site "Chess.com"]
[Date "2020.04.14"]
[Round "4"]
[White "canwedoit"]
[Black "JelenaKarleusa-SO-18"]
[Result "0-1"]
[WhiteElo "2516"]
[BlackElo "2701"]
[TimeControl "180+1"]
[EndTime "10:40:00 PDT"]
[Termination "JelenaKarleusa-SO-18 won by resignation"]

1. e4 d6 2. d4 Nf6 3. Nc3 Nbd7 4. Nf3 e5 5. Bc4 Be7 6. O-O O-O 7. Re1 c6 8. a4 exd4 9. Nxd4 Ne5 10. Ba2 Re8 11. h3 Ng6 12. f4 Qa5 13. Be3 Bd8 14. Qd3 Bb6 15. Rad1 Qh5 16. Nde2 Qa5 17. Kh1 Bxe3 18. Qxe3 Qb4 19. Bb3 Be6 20. Rd4 Qb6 21. Bxe6 fxe6 22. Qd2 d5 23. e5 Nd7 24. Ng3 Rf8 25. Rf1 Ne7 26. f5 Nxe5 27. fxe6 Rxf1+ 28. Nxf1 Re8 29. Ng3 N7g6 30. h4 Rxe6 31. h5 Nf8 32. Qg5 Nf7 33. Qh4 Qc7 34. Rg4 Qe5 35. Nce2 Rf6 36. Ng1 h6 37.
Nf3 Qe6 38. Qh3 Nh7 39. Qh4 Nhg5 40. Nxg5 Nxg5 41. Kh2 Qe5 42. Rb4 Rf2 43. Rxb7 Nf3+ 44. Kh3 Nxh4 45. Rb8+ Qxb8 46. Kxh4 Qd8+ 0-1

[Event "*** Titled Tuesday Blitz"]
[Site "Chess.com"]
[Date "2020.04.14"]
[Round "4"]
[White "Galileo22"]
[Black "SaguriGuerra"]
[Result "0-1"]
[WhiteElo "2330"]
[BlackElo "2531"]
[TimeControl "180+1"]
[EndTime "10:40:00 PDT"]
[Termination "SaguriGuerra won on time"]

1. d4 d6 2. Nf3 Nf6 3. Bg5 Nbd7 4. Nbd2 g6 5. e4 Bg7 6. c3 O-O 7. Bd3 e5 8. O-O c6 9. a4 a5 10. Re1 Qc7 11. Nc4 h6 12. Bh4 Nh5 13. Bg3 Nxg3 14. hxg3 Re8 15. Qc2 Nf8 16. Ne3 Ne6 17. dxe5 dxe5 18.
Bc4 Nc5 19. Nh4 Kh7 20. Qb1 Bf6 21. Nf3 Kg7 22. Qc2 h5 23. Rec1 Bd7 24. b4 Ne6 25. Qb3 Rad8 26. Rd1 Bc8 27. b5 Nc5 28. Qc2 Qb6 29.
bxc6 bxc6 30. Rab1 Qc7 31. Ba2 Ba6 32. Bc4 Bc8 33. Ba2 Be7 34. Nc4 f6 35. Ne3 Ne6 36. Nh4 Bc5 37. Qe2 Qa7 38. Nef5+ gxf5 39. Nxf5+ Kg6 40. Nh4+ Kg5 41. Qf3 Ng7 42. Kh2 Bg4 0-1

[Event "*** Titled Tuesday Blitz"]
[Site "Chess.com"]
[Date "2020.04.14"]
[Round "4"]
[White "GM4life"]
[Black "jaskol95"]
[Result "0-1"]
[WhiteElo "2175"]
[BlackElo "2404"]
[TimeControl "180+1"]
[EndTime "10:40:00 PDT"]
[Termination "jaskol95 won by checkmate"]

1. e4 e6 2. d4 d5 3. Nc3 Bb4 4. e5 Ne7 5. a3 Bxc3+ 6. bxc3 c5 7. Qg4 Qc7 8. Qxg7 Rg8 9. Qxh7 cxd4 10. Qd3 Nbc6 11.
cxd4 Nxe5 12. Qb3 Nc4 13. Nf3 Bd7 14. Bg5 Nf5 15. h4 Rc8 16. Bd3 Nxd4 17. Nxd4 Qe5+ 18.
Be3 Nxe3 19. fxe3 Qxe3+ 20. Ne2 Rxg2 21. h5 Ke7 22. Qb4+ Kf6 23. Qf4+ Qxf4 24. Nxf4 Rg4 25.
Rf1 Kg5 26. Ne2 f5 27. Rh1 Rh8 28. Kd2 Rxh5 29. Rxh5+ Kxh5 30. Rb1 Kg5 31. Ke3 Bc6 32.
Nd4 e5 33. Nf3+ Kf6 34. Nd2 d4+ 35. Ke2 Rg2+ 36. Kd1 e4 37. Bf1 Rf2 38. Ke1 e3 39. Nc4 f4 40. Nb2 Rxc2 41. Nd3 f3 42. Rd1 f2+ 43.
Nxf2 exf2# 0-1

[Event "*** Titled Tuesday Blitz"]
[Site "Chess.com"]
[Date "2020.04.14"]
[Round "4"]
[White "powermove"]
[Black "Nafania1"]
[Result "0-1"]
[WhiteElo "1505"]
[BlackElo "2374"]
[TimeControl "180+1"]
[EndTime "10:40:00 PDT"]
[Termination "Nafania1 won by resignation"]

1. Nf3 Nf6 2. c4 g6 3. Nc3 Bg7 4. e4 d6 5. d4 O-O 6. Be2 c5 7. O-O Nc6 8. h3 cxd4 9. Nxd4 Bd7 10. Be3 a6 11. Qd2 Nxd4 12. Bxd4 Bc6 13. f3 a5 14. b3 Nd7 15. Be3 Nc5 16. Rad1 Qb6 17. Nd5 Bxd5 18. exd5 Qb4 19. Rfe1 Bc3 20. Qc1 a4 21. Rf1 axb3 22. axb3 Ra2 23. Rf2 Nxb3 24. Qb1 Rb2 25. Qe4 Re8 26. h4 Nc5 27. Qg4 h5 28. Qg5 Bf6 29. Qf4 Qb3 30. Bxc5 dxc5 31. Rd3 Qb6 32. d6 Bd4 33. d7 Rd8 34. Rxd4 cxd4 35. c5 Qxc5 36. Bd3 Rxf2 37. Kxf2 e5 38. Qg5 Rxd7 39. Bxg6 fxg6 40. Qxg6+ Kf8 41. Qf6+ Ke8 42. Qh8+ Ke7 43.
Qg7+ Kd6 44. Qf6+ Kc7 0-1

[Event "*** Titled Tuesday Blitz"]
[Site "Chess.com"]
[Date "2020.04.14"]
[Round "4"]
[White "1f3_2g41-0"]
[Black "GrafLermontov"]
[Result "1-0"]
[WhiteElo "2178"]
[BlackElo "2383"]
[TimeControl "180+1"]
[EndTime "10:40:00 PDT"]
[Termination "1f3_2g41-0 won on time"]

1. e4 c5 2. Nf3 e6 3. d4 cxd4 4. Nxd4 Nc6 5. Nc3 Qc7 6. Be3 a6 7. h3 Nf6 8. g4 Bb4 9. Bg2 Ne5 10.
O-O Nc4 11. Bc1 Nxb2 12. Ncb5 axb5 13. Bxb2 Qb6 14. g5 Ng8 15. Qd3 Ne7 16. Nxb5 O-O 17. Bd4 Bc5 18. a4 Bxd4 19. Nxd4 d5 20. Rfb1 Qc7 21.
Nb5 Qe5 22. exd5 Nxd5 23. Bxd5 exd5 24. h4 Bf5 25. Qd2 Qe4 26. Rb4 Qxc2 27. Qxd5 Rad8 28. Qf3 Bg6 29. Re1 Rd3 30. Qg2 Qd2 31. Rbb1 Qf4 32. Rbd1 Rb3 33. Rd4 Qf5 34. Nd6 Qc5 35. Red1 Qc3 36.
Nb5 Qc2 37. Qg4 Qf5 38. Qf4 Qg4+ 39. Qxg4 1-0

[Event "*** Titled Tuesday Blitz"]
[Site "Chess.com"]
[Date "2020.04.14"]
[Round "4"]
[White "TranJMinh"]
[Black "Ind1anStar"]
[Result "1-0"]
[WhiteElo "2784"]
[BlackElo "2604"]
[TimeControl "180+1"]
[EndTime "10:40:01 PDT"]
[Termination "TranJMinh won by checkmate"]

1. d4 d5 2. c4 e6 3. Nc3 Be7 4. cxd5 exd5 5. Bf4 Nf6 6. e3 O-O 7. Bd3 c6 8. Nf3 Nbd7 9. Qc2 Re8 10. Ne5 Nf8 11.
O-O-O Bd6 12. Kb1 Ne6 13. Bg3 a5 14. Bh4 g6 15. f4 Ng7 16. g4 Be7 17. f5 Ne4 18.
Bxe7 Nxc3+ 19. bxc3 Qxe7 20. Rdf1 f6 21. Nf3 gxf5 22.
gxf5 Qxe3 23. Rhg1 Bd7 24. Ne5 Rad8 25. Qg2 Re7 26.
Rf3 Qh6 27. Rh3 Qf4 28. Rf3 Qh6 29. Ng4 Qh4 30. Rg3 Kh8 31. Kb2 Nxf5 32. Rh3 Qg5 33. Qf2 Nd6 34. Nxf6 Qe3 35. Rxe3 Nc4+ 36. Bxc4 Rxe3 37.
Qxe3 dxc4 38. Qh6 Bf5 39. Qg7# 1-0

[Event "*** Titled Tuesday Blitz"]
[Site "Chess.com"]
[Date "2020.04.14"]
[Round "4"]
[White "Bad_left_hook"]
[Black "dennisodessa"]
[Result "1-0"]
[WhiteElo "2570"]
[BlackElo "2323"]
[TimeControl "180+1"]
[EndTime "10:40:01 PDT"]
[Termination "Bad_left_hook won on time"]

1. Nf3 Nf6 2. d4 e6 3. c4 Bb4+ 4. Nc3 b6 5. Qc2 Bb7 6. e3 Ne4 7. Bd3 Bxc3+ 8. bxc3 f5 9. O-O O-O 10. Nd2 Nxd2 11. Bxd2 Qh4 12. f3 d6 13. e4 fxe4 14. fxe4 Nd7 15. Be3 e5 16. g3 Qg4 17. Qg2 Nf6 18. h3 Qg6 19. d5 Nh5 20. Kh2 a5 21.
Rf5 Bc8 22. Rxf8+ Kxf8 23. Rf1+ Kg8 24. g4 Nf6 25. g5 Nd7 26. Qf3 Ba6 27. Qf5 Qxf5 28.
exf5 Rf8 29. Kg3 Nc5 30. Bxc5 bxc5 31. Rb1 Kf7 32. h4 Ke7 33. Kg4 h6 34. h5 Kd7 35.
f6 gxf6 36. gxh6 Ke7 37. Bf5 1-0

[Event "*** Titled Tuesday Blitz"]
[Site "Chess.com"]
[Date "2020.04.14"]
[Round "4"]
[White "vlad_Sid"]
[Black "aakankshachess"]
[Result "1-0"]
[WhiteElo "2651"]
[BlackElo "2442"]
[TimeControl "180+1"]
[EndTime "10:40:02 PDT"]
[Termination "vlad_Sid won by resignation"]

1. c4 c5 2. g3 Nc6 3. Bg2 e6 4. Nc3 g6 5. Nf3 Bg7 6. d4 cxd4 7. Nb5 d5 8. cxd5 exd5 9. O-O Nge7 10. Nbxd4 O-O 11.
Be3 Bg4 12. Qd2 Qd7 13. Rfd1 Bh3 14. Bh1 Rfd8 15. Rac1 Rac8 16. Nxc6 bxc6 17. Bd4 Bxd4 18. Qxd4 Qd6 19. b4 Be6 20. a3 a5 21. bxa5 Qxa3 22.
Ra1 Qd6 23. a6 c5 24. Qf6 Ra8 25. Ng5 Nc6 26. e4 d4 27. e5 Qd7 28. Bxc6 Qxc6 29.
Nxf7 h6 30. Qxg6+ Kf8 31. Nxh6 Bd5 32. Qf5+ Kg7 33. Ng4 Qg6 34. Qxg6+ Kxg6 35. Rdc1 c4 36. a7 Kf5 37. Nf6 Kxe5 38. Nxd5 Rxd5 39. Rxc4 d3 40. Kg2 d2 41. Rd1 Rxa7 42. Rc2 Rad7 43. f3 Rd3 44. Kf2 Kf5 45. Ke2 R3d5 46. Rcxd2 Rxd2+ 47. Rxd2 Rh7 48.
h4 Rg7 49. Kf2 Ke5 50. g4 Kf4 51. Rd4+ Ke5 52. Re4+ Kf6 53. Kg3 Rb7 54. h5 Kg5 55. Rf4 Rb1 56. Rf5+ Kh6 57. Rf6+ Kg7 58. Rg6+ Kh7 59.
f4 Rg1+ 60. Kh4 Rh1+ 61. Kg5 Rf1 62. Ra6 Rg1 63. Ra7+ 1-0

[Event "*** Titled Tuesday Blitz"]
[Site "Chess.com"]
[Date "2020.04.14"]
[Round "4"]
[White "indfraeng"]
[Black "NovakCabarkapa"]
[Result "0-1"]
[WhiteElo "2245"]
[BlackElo "2534"]
[TimeControl "180+1"]
[EndTime "10:40:02 PDT"]
[Termination "NovakCabarkapa won by resignation"]

1. d4 Nf6 2. c4 g6 3. g3 Bg7 4. Bg2 O-O 5. Nc3 d6 6. Nf3 Nbd7 7. O-O e5 8. e4 exd4 9. Nxd4 Re8 10. h3 a6 11. Re1 Rb8 12. a4 Ne5 13. b3 a5 14.
f4 Nc6 15. Be3 Nd7 16. Bf2 Nb4 17. Nd5 Nc5 18. Nxb4 axb4 19. Ra2 c6 20. Nc2 Bc3 21.
Re3 Nxb3 22. Nxb4 Bxb4 23. Qxb3 Bc5 24. Re1 Qa5 25. Rd1 Be6 26. Kh2 Bxf2 27. Rxf2 b5 28.
axb5 cxb5 29. Rxd6 bxc4 30. Qd1 c3 31. f5 Bb3 32. Qc1 Qe5 33. Rc6 Rec8 34. Rxc8+ Rxc8 35. f6 c2 36. Qh6 Qxf6 37. Rxf6 c1=Q 38. Qxc1 Rxc1 39.
Rb6 Be6 40. Rb2 Kg7 41. Rf2 Re1 42. Rd2 Kf6 43. Rf2+ Ke5 44. Rd2 Bc4 45. Rf2 f6 46. Rc2 Bd3 47. Rc5+ Kd4 48. Rd5+ Ke3 49. e5 Re2 50. Ra5 Be4 51. Ra3+ Kd4 52. Ra4+ Kxe5 53. Rxe4+ Rxe4 54. Bxe4 Kxe4 55. h4 Kf3 56. Kh3 f5 57. Kh2 f4 58. gxf4 Kxf4 59. Kh3 h5 0-1

[Event "*** Titled Tuesday Blitz"]
[Site "Chess.com"]
[Date "2020.04.14"]
[Round "4"]
[White "Harut-1998"]
[Black "Pittiplatsh"]
[Result "1-0"]
[WhiteElo "2579"]
[BlackElo "2340"]
[TimeControl "180+1"]
[EndTime "10:40:02 PDT"]
[Termination "Harut-1998 won on time"]

1. d4 Nf6 2. c4 g6 3. Nc3 d5 4. Bf4 Bg7 5. e3 O-O 6. Rc1 Be6 7. Nf3 dxc4 8. Ng5 Bd5 9. e4 h6 10. exd5 hxg5 11. Bxg5 b5 12. Be2 Nxd5 13. Nxb5 c6 14. Nc3 Qa5 15. Qd2 Nd7 16. O-O N7b6 17. Nxd5 Qxd5 18.
Bxe7 Rfe8 19. Bc5 Rad8 20. Rfd1 Qf5 21. Bxc4 Nxc4 22. Rxc4 Re4 23. f3 Re6 24. Bxa7 Rde8 25. Rc5 Qf6 26. Re5 Rxe5 27. dxe5 Qxe5 28. Bd4 Qe6 29.
Bxg7 Kxg7 30. b3 Kg8 31. h3 c5 32. Rc1 Qe5 33. Kh1 Rc8 34. Qc2 Qe3 35. Qc3 Qe2 36. b4 c4 37. a4 Rd8 38. Qxc4 Rd1+ 39.
Kh2 Qe5+ 40. f4 Rxc1 41. Qxc1 1-0

[Event "*** Titled Tuesday Blitz"]
[Site "Chess.com"]
[Date "2020.04.14"]
[Round "4"]
[White "Perimir"]
[Black "konradrutkowski"]
[Result "1-0"]
[WhiteElo "2434"]
[BlackElo "2217"]
[TimeControl "180+1"]
[EndTime "10:40:02 PDT"]
[Termination "Perimir won on time"]

1. e4 e5 2. Nc3 Nf6 3. Bc4 Nc6 4. d3 Bc5 5. f4 d6 6. Nf3 Bg4 7.
Na4 Bb6 8. Nxb6 axb6 9. O-O h6 10.
a3 O-O 11. h3 Bxf3 12. Qxf3 exf4 13. Qxf4 d5 14. exd5 Nxd5 15. Qg3 Nd4 16. Rf2 Kh7 17. Qe5 Nf6 18. c3 Nc6 19. Qf5+ Kh8 20. Bxh6 gxh6 21.
Qxf6+ Qxf6 22. Rxf6 Kg7 23. Raf1 Ne5 24. Bb3 Nxd3 25. Rxf7+ Rxf7 26. Rxf7+ Kg6 27. Rxc7 Nxb2 28. Rxb7 Rxa3 29. Rxb6+ Kg5 30. c4 Nd3 31. Rb5+ Kf4 32. Kh2 h5 33. c5 h4 34. c6 Ra1 35. Bc2 Nf2 36. Rf5+ Ke3 37. Rxf2 Kxf2 38. c7 1-0

[Event "*** Titled Tuesday Blitz"]
[Site "Chess.com"]
[Date "2020.04.14"]
[Round "4"]
[White "Saxar85"]
[Black "eightbyeightchess"]
[Result "0-1"]
[WhiteElo "2603"]
[BlackElo "2391"]
[TimeControl "180+1"]
[EndTime "10:40:03 PDT"]
[Termination "eightbyeightchess won on time"]

1. Nf3 d5 2. b3 Nf6 3. Bb2 Bf5 4. g3 e6 5. d3 Bb4+ 6. Nbd2 c5 7. Bg2 Nc6 8. O-O d4 9. Nh4 Bg4 10. h3 Bh5 11. Nc4 Nd5 12. Nf3 O-O 13. a3 Ba5 14. Nxa5 Qxa5 15. Re1 Qc7 16. Qd2 Rac8 17. Kh2 f5 18. c4 dxc3 19. Bxc3 Nxc3 20. Qxc3 Bxf3 21. exf3 Nd4 22. f4 b6 23. b4 Qd6 24. Re5 g5 25.
bxc5 Rxc5 26. Rxc5 bxc5 27. Rc1 gxf4 28. Qxc5 fxg3+ 29. fxg3 Qxc5 30. Rxc5 Rb8 31. Rc4 e5 32. Bd5+ Kg7 33.
Rc7+ Kf6 34. Rxh7 Rb2+ 35. Kh1 Ne2 36. Rf7+ Kg6 37. g4 f4 38. h4 Ng3+ 39. Kg1 Rb1+ 40.
Kg2 Rb2+ 41. Kf3 Rb1 42. h5+ Kg5 43. Rg7+ Kh4 44. h6 Kh3 0-1

[Event "*** Titled Tuesday Blitz"]
[Site "Chess.com"]
[Date "2020.04.14"]
[Round "4"]
[White "Salem-AR"]
[Black "Cayse"]
[Result "1-0"]
[WhiteElo "2902"]
[BlackElo "2702"]
[TimeControl "180+1"]
[EndTime "10:40:04 PDT"]
[Termination "Salem-AR won on time"]

1. d4 Nf6 2. c4 e6 3. Nf3 d5 4. Nc3 Nbd7 5. Bg5 h6 6. Bh4 Be7 7. cxd5 Nxd5 8. Bxe7 Qxe7 9. Rc1 Nxc3 10. Rxc3 c6 11. g3 O-O 12. Bg2 e5 13. O-O Rd8 14.
e3 exd4 15. Nxd4 Nf6 16. Qb1 Bg4 17. b4 Rac8 18. Rfc1 a6 19. a4 Qd7 20. Rc5 g6 21. Qb2 Qd6 22. h3 Bd7 23. Kh2 Be8 24. R5c2 Bd7 25. Kg1 Ne8 26. Rd2 Qe7 27. Rcd1 h5 28. a5 Nf6 29. Nb3 Be6 30. Nc5 Rxd2 31. Rxd2 Bd5 32.
e4 Bc4 33. Qd4 Bb5 34. Nxb7 Nxe4 35. Bxe4 Qxb7 36. Qf6 Re8 37. Bxg6 fxg6 38. Qxg6+ Kf8 39. Rd6 Re1+ 40. Kh2 1-0

[Event "*** Titled Tuesday Blitz"]
[Site "Chess.com"]
[Date "2020.04.14"]
[Round "4"]
[White "igorkovalenko"]
[Black "mbojan"]
[Result "1-0"]
[WhiteElo "2899"]
[BlackElo "2588"]
[TimeControl "180+1"]
[EndTime "10:40:04 PDT"]
[Termination "igorkovalenko won by resignation"]

1. d4 Nf6 2. Nf3 g6 3. Bf4 Bg7 4. e3 O-O 5. h3 d6 6. Bh2 Nbd7 7. c3 b6 8. a4 a6 9. Bc4 Bb7 10. O-O Ne4 11. Re1 Ndf6 12. Nfd2 Nxd2 13. Qxd2 c5 14. Na3 Qd7 15. Bb3 Bc6 16. Nc4 Qb7 17. f3 Nd7 18. e4 Qc8 19. e5 d5 20. Ne3 e6 21. f4 b5 22. a5 b4 23. Bg3 bxc3 24.
bxc3 Rb8 25. Bc2 Bb5 26. Bh4 cxd4 27. cxd4 f5 28. Be7 Rf7 29. Bd6 Rb7 30. Rec1 Qe8 31.
Bd3 Bf8 32. Bxb5 Rxb5 33. Bxf8 Nxf8 34. Rc2 Rfb7 35. Rac1 Rb1 36. Kh2 Rxc1 37. Rxc1 Qd8 38. Rc6 Qa8 39. Qc3 Rb8 40. Nc2 Rb5 41. Ne1 Qb7 42. Rc7 Qb8 43. Rc8 Qb7 44. Nf3 Rb3 45.
Qc5 Qg7 46. Ng5 Rb5 47. Nxe6 Rxc5 48. dxc5 Qe7 49. Rxf8+ Qxf8 50. Nxf8 Kxf8 51. c6 Ke7 1-0

[Event "*** Titled Tuesday Blitz"]
[Site "Chess.com"]
[Date "2020.04.14"]
[Round "4"]
[White "Monmoransy"]
[Black "Casablanca"]
[Result "1/2-1/2"]
[WhiteElo "2610"]
[BlackElo "2358"]
[TimeControl "180+1"]
[EndTime "10:40:04 PDT"]
[Termination "Game drawn by repetition"]

1. e4 c5 2. Nf3 d6 3. d4 cxd4 4. Qxd4 Nc6 5. Bb5 Bd7 6. Qd3 Nf6 7.
c4 g6 8. Nc3 a6 9. Bxc6 Bxc6 10.
Nd4 Bg7 11. O-O O-O 12. f3 Nd7 13. Be3 Rc8 14. b3 Qa5 15. Rac1 Nc5 16. Qd2 Rfe8 17. Rfd1 Ne6 18. a4 Nxd4 19. Bxd4 Bxd4+ 20. Qxd4 Qc5 21. Kf2 Red8 22. h3 h5 23. g4 hxg4 24. hxg4 b6 25. Qe3 f6 26. Rc2 g5 27. Nd5 Bxd5 28. Rxd5 Qxe3+ 29. Kxe3 Rc5 30. b4 Rxd5 31. cxd5 Kf7 32. Rc6 Rb8 33.
Kd4 a5 34. Kc4 Ke8 35. Kb5 Kd7 36. Rc4 axb4 37. Kxb4 Ra8 38. Rc6 Ra6 39. Kb3 Kd8 40. Ka3 Kd7 41. Kb4 Kd8 42. Rc2 Kd7 43. Rc4 Ra5 44. Rc1 Rc5 45. Rh1 Rc2 46. Kb5 Rb2+ 47. Ka6 Rb4 48. Ra1 Rb3 49. Rf1 Rb4 50. Ra1 Rb3 51.
Rf1 Rb4 52. Ra1 1/2-1/2

[Event "*** Titled Tuesday Blitz"]
[Site "Chess.com"]
[Date "2020.04.14"]
[Round "4"]
[White "picturesquecheck"]
[Black "Andro2"]
[Result "0-1"]
[WhiteElo "2208"]
[BlackElo "2422"]
[TimeControl "180+1"]
[EndTime "10:40:04 PDT"]
[Termination "Andro2 won by checkmate"]

1. e4 c5 2. Nf3 d6 3. d4 cxd4 4. Nxd4 Nf6 5. Nc3 a6 6. Be3 e5 7. Nb3 Be7 8. f3 Be6 9. Qd2 Qc7 10. O-O-O Nbd7 11. g4 b5 12. g5 Nh5 13. Nd5 Bxd5 14. exd5 O-O 15. Na5 f5 16. gxf6 Ndxf6 17. Nc6 Kh8 18.
Kb1 Rae8 19. c4 bxc4 20. Bxc4 Nd7 21. Bxa6 Nf4 22. Bb5 Bf6 23. Rc1 Qb7 24. a4 Nb6 25.
Bxb6 Qxb6 26. Rhe1 Bg5 27. Rg1 Bh6 28. Qa5 Qf2 29.
Rcf1 Qe3 30. Nb4 Ra8 31. Qc7 Qd4 32. Nc2 Qxd5 33. Bc6 Qc5 34. Qb7 Rab8 35. Qa6 Rfc8 36. Bb5 Qxc2+ 37. Ka1 Nd5 38. Rc1 Bxc1 39. Qa7 Qxb2# 0-1

[Event "*** Titled Tuesday Blitz"]
[Site "Chess.com"]
[Date "2020.04.14"]
[Round "4"]
[White "Valuebet2000"]
[Black "vugarrasulov"]
[Result "1/2-1/2"]
[WhiteElo "2550"]
[BlackElo "2739"]
[TimeControl "180+1"]
[EndTime "10:40:05 PDT"]
[Termination "Game drawn by repetition"]

1. d4 Nf6 2. c4 g6 3. Nc3 Bg7 4. e4 d6 5. Be2 O-O 6. Bg5 Na6 7. Qd2 Qe8 8. Bf3 c5 9. Nge2 cxd4 10. Nxd4 Nc5 11. O-O Ne6 12. Be3 Qd8 13. Nxe6 Bxe6 14. b3 Nd7 15. Bd4 Qa5 16. Bxg7 Kxg7 17. Be2 Rfc8 18.
Rac1 a6 19. f4 f6 20. Qb2 Rc7 21. Kh1 Rac8 22. a4 Qc5 23. Rfd1 Qe3 24. Qd2 Qxd2 25. Rxd2 Nc5 26. Rb2 f5 27. exf5 gxf5 28. Rd1 Ne4 29. Nxe4 fxe4 30. g4 Rc5 31. Rd4 Bd7 32. Kg1 e5 33. fxe5 Rxe5 34. Bf1 e3 35. Re2 Bc6 36. Bg2 b5 37. axb5 axb5 38. Bxc6 Rxc6 39. cxb5 Rc3 40. Rxd6 Rxb3 41. Kg2 Rbxb5 42. Rd3 Rb4 43. h3 Rb1 44. Rdxe3 Rc5 45. Re7+ Kg6 46. R7e6+ Kf7 47. Re7+ Kg6 48.
R7e6+ Kg7 49. Re7+ Kg6 1/2-1/2

[Event "*** Titled Tuesday Blitz"]
[Site "Chess.com"]
[Date "2020.04.14"]
[Round "4"]
[White "MikeSailer"]
[Black "RestartingChess"]
[Result "0-1"]
[WhiteElo "2114"]
[BlackElo "2395"]
[TimeControl "180+1"]
[EndTime "10:40:05 PDT"]
[Termination "RestartingChess won on time"]

1. d4 Nf6 2. Bf4 g6 3. e3 Bg7 4. Nf3 O-O 5. Be2 d6 6. h3 c5 7. c3 cxd4 8. exd4 Nbd7 9. O-O b6 10. Re1 Bb7 11. Nbd2 Rc8 12. a4 Re8 13. a5 e5 14. Bg5 h6 15. Bh4 e4 16. Nh2 g5 17.
Bg3 Nf8 18. Nhf1 Ng6 19. Bb5 Re7 20. axb6 Qxb6 21. Qa4 d5 22. Nb3 a6 23. Be2 Nf4 24.
Nc5 Nxe2+ 25. Rxe2 Bc6 26. Qxa6 Qxa6 27. Rxa6 Bb5 28. Rxf6 Bxf6 29. Re1 Ra7 30. Ne3 Bc6 31. Nf5 Kh7 32. Nd6 Rca8 33. Kh2 Kg6 34. b3 Be7 35. c4 f5 36. Be5 Rd8 37. Nb5 Bxb5 38. cxb5 Rc8 39. b6 Bxc5 40. dxc5 Rb7 41. b4 f4 42. Ra1 Kf5 43. Bd6 Rc6 44. Ra7 Rbxb6 45. cxb6 Rxd6 46. b7 Rb6 47. Kg1 Rxb4 48. Kh2 e3 0-1

[Event "*** Titled Tuesday Blitz"]
[Site "Chess.com"]
[Date "2020.04.14"]
[Round "4"]
[White "Gulkov_Igor"]
[Black "Arjun2002"]
[Result "1/2-1/2"]
[WhiteElo "2372"]
[BlackElo "2639"]
[TimeControl "180+1"]
[EndTime "10:40:06 PDT"]
[Termination "Game drawn by agreement"]

1. Nf3 d5 2. d4 Nf6 3. c4 c6 4. Nc3 e6 5. Bg5 h6 6. Bxf6 Qxf6 7. e3 g6 8. Rc1 Nd7 9. Bd3 Bg7 10. O-O O-O 11.
e4 dxc4 12. Bxc4 e5 13. d5 Nb6 14. dxc6 bxc6 15. Be2 Bg4 16. h3 Bxf3 17. Bxf3 Rfd8 18. Qc2 h5 19. Rcd1 Bh6 20. Rxd8+ Rxd8 21. Rd1 Rd4 22. Ne2 Rxd1+ 23. Qxd1 Qe6 24. b3 Qe7 25. Qc2 Qb4 26. Qc3 Qd6 27. Qc2 Nd7 28. h4 Nc5 29. g3 Ne6 30. Kg2 Bd2 31. Qc4 Ba5 32. g4 hxg4 33.
Bxg4 Ng7 34. Ng3 Bb6 35. h5 Qf6 36. Qe2 gxh5 37. Nxh5 Nxh5 38. Bxh5 Kf8 39. Qf3 Qg5+ 40. Kf1 f6 41. Qf5 Qh4 42. Kg2 Bd4 43. Be2 Ke7 44. Bc4 Kd8 45. a4 Kc7 46. a5 Bc5 47. Ba6 Kd6 48. Bc4 Kc7 49. Ba6 Kd6 50. Bc4 Qg5+ 51. Qxg5 fxg5 52. a6 Bd4 53. f3 Be3 54. Kh3 Kc5 55.
Kg4 1/2-1/2

[Event "*** Titled Tuesday Blitz"]
[Site "Chess.com"]
[Date "2020.04.14"]
[Round "4"]
[White "DonPreuss"]
[Black "JacekDubiel"]
[Result "0-1"]
[WhiteElo "2171"]
[BlackElo "2421"]
[TimeControl "180+1"]
[EndTime "10:40:06 PDT"]
[Termination "JacekDubiel won by resignation"]

1. d4 Nf6 2. Nc3 d5 3. e4 Nxe4 4. Nxe4 dxe4 5. Bc4 Bf5 6. c3 e6 7. Ne2 Bd6 8. O-O O-O 9. Ng3 Bxg3 10. fxg3 Nd7 11. g4 Bg6 12. g5 c5 13. Be3 cxd4 14.
cxd4 Nb6 15. Bb3 Nd5 16. Qe1 Rc8 17. g4 Rc6 18. h4 Nxe3 19. Qxe3 f6 20. h5 Bf7 21. h6 fxg5 22. hxg7 Kxg7 23. Kg2 Bg6 24. Rxf8 Kxf8 25. Rf1+ Kg7 26. d5 exd5 27. Qd4+ Rf6 28. Bxd5 e3 29. Rxf6 Qxf6 30. Qxf6+ Kxf6 31. Kf3 b6 32.
Kxe3 Bf7 33. Be4 Bxa2 34. Bxh7 Ke5 35. Bf5 Be6 36. Bd3 Bxg4 37. Ba6 Be6 38. b4 Bd5 39. Kd3 g4 40. Ke3 g3 41. Bc8 g2 42.
Kf2 Kd4 43. Bd7 Kc3 44. b5 Kb4 45. Kg1 Kc5 46. Kf2 Bc4 47. Kxg2 Bxb5 48. Bc8 a5 49. Kf2 a4 50. Ke1 a3 51. Kd2 a2 52.
Be6 a1=Q 0-1

[Event "*** Titled Tuesday Blitz"]
[Site "Chess.com"]
[Date "2020.04.14"]
[Round "4"]
[White "AyMitecK"]
[Black "TheFireChess"]
[Result "1-0"]
[WhiteElo "2321"]
[BlackElo "2461"]
[TimeControl "180+1"]
[EndTime "10:40:07 PDT"]
[Termination "AyMitecK won by resignation"]

1. e4 c6 2. Ne2 d5 3. e5 c5 4. d4 Nc6 5. c3 Bg4 6. h3 Bxe2 7. Bxe2 cxd4 8. cxd4 Qb6 9. Be3 e6 10.
Qd2 Bb4 11. Nc3 Nge7 12. g4 h5 13. O-O Rc8 14. Rac1 Qd8 15. a3 Bxc3 16. Rxc3 hxg4 17. hxg4 Ng6 18. Bg5 Qb6 19. Rfc1 Kd7 20. Be3 Rh3 21. Bf1 Rh4 22. f3 Rch8 23. Bg2 Rh2 24. Kf2 Nh4 25.
Rg1 Nxg2 26. Rxg2 Rxg2+ 27. Kxg2 Na5 28. b4 Nc4 29. Rxc4 dxc4 30. d5 Qa6 31. b5 Qxa3 32.
dxe6+ Kxe6 33. f4 g6 34. f5+ gxf5 35. gxf5+ Ke7 36. Bg5+ f6 37. Bxf6+ Kf7 38. Qd7+ Kf8 39. Qg7+ Ke8 40. Qxh8+ Kd7 41. Qg7+ Ke8 42. Qg8+ Kd7 43. Qe6+ Kc7 44. Qe7+ Qxe7 45. Bxe7 c3 46. Ba3 c2 47. Kf3 a6 48. bxa6 bxa6 49. f6 1-0

[Event "*** Titled Tuesday Blitz"]
[Site "Chess.com"]
[Date "2020.04.14"]
[Round "4"]
[White "Leo_C"]
[Black "NFChess13"]
[Result "0-1"]
[WhiteElo "2260"]
[BlackElo "2452"]
[TimeControl "180+1"]
[EndTime "10:40:07 PDT"]
[Termination "NFChess13 won by resignation"]

1. d4 Nf6 2. c4 g6 3. f3 d5 4. cxd5 Nxd5 5. e4 Nb6 6. Nc3 Bg7 7. Be3 O-O 8. Qd2 Nc6 9. O-O-O Qd6 10. Nb5 Qd7 11.
Kb1 Rd8 12. d5 a6 13. Nc3 Na5 14. Qc1 Nac4 15. Bf2 Nxb2 16. Qxb2 Na4 17. Nxa4 Bxb2 18. Nxb2 c6 19. Bc4 cxd5 20. Rxd5 Qc7 21. Rxd8+ Qxd8 22. Ne2 b5 23. Rd1 Qe8 24. Bd5 Rb8 25. Ba7 e6 26. Bxb8 exd5 27. Bc7 Qc6 28. Ba5 dxe4 29. Rd8+ Kg7 30.
Bc3+ Kh6 31. Bd2+ Kg7 32. Bc3+ f6 33. fxe4 Qxe4+ 34. Kc1 Bf5 35. Nd4 b4 36. Nxf5+ gxf5 37. Rd7+ Kg6 38. Rd4 bxc3 39. Rxe4 cxb2+ 40. Kxb2 fxe4 41.
Kc2 Kf5 42. Kd2 Ke5 43. Ke3 f5 44. g3 h5 45. h4 Kd5 46. Kf4 Kd4 47. Kg5 e3 48. Kxh5 e2 0-1

[Event "*** Titled Tuesday Blitz"]
[Site "Chess.com"]
[Date "2020.04.14"]
[Round "4"]
[White "manuellarrea"]
[Black "AquivaRubinstein"]
[Result "0-1"]
[WhiteElo "2107"]
[BlackElo "2393"]
[TimeControl "180+1"]
[EndTime "10:40:07 PDT"]
[Termination "AquivaRubinstein won on time"]

1. e4 e5 2. Nf3 Nc6 3. Bc4 Nf6 4. Ng5 d5 5. exd5 Na5 6. Bb5+ c6 7. dxc6 bxc6 8. Bd3 h6 9. Ne4 Nd5 10. O-O Nf4 11.
Re1 Nxd3 12. cxd3 Be7 13. Qh5 Qd4 14. Nbc3 O-O 15. b3 f5 16. Ng3 Bd6 17. Bb2 Qxd3 18. Rad1 Be6 19. Re3 Qc2 20. Na4 f4 21. Rc3 Qh7 22. Nf1 Bd5 23. d4 Qe4 24. Qf3 Qxf3 25. gxf3 exd4 26. Rxd4 Be5 27. Rc5 Bxd4 28. Bxd4 Nb7 29.
Rc1 Bxf3 30. Nd2 Bd5 31. f3 Rfe8 32. Kf2 Re6 33. Nc5 Nxc5 34. Rxc5 Rae8 35. Ne4 Bxe4 36. fxe4 Rxe4 37. Bc3 R8e6 38. Ra5 Re2+ 39. Kf1 Re7 40.
Rxa7 Rxa7 41. Kxe2 Rxa2+ 42. Kf3 Rxh2 43. Kxf4 Kf7 0-1